 Dungeon Crawl Stone Soup version 0.23.2-1-ga50397a (webtiles) character file.

Game seed: 16482993445404895339

250 goulibeur the Skirmisher (level 5, -1/47 HPs)
             Began as a Draconian Berserker on May 22, 2019.
             Was a Believer of Trog.
             Slain by Natasha (7 damage)
             ... on level 2 of the Dungeon.
             The game lasted 00:03:51 (1538 turns).

goulibeur the Skirmisher (Draconian Berserker)      Turns: 1538, Time: 00:03:52

Health: -1/47      AC:  5    Str: 20    XL:     5   Next: 88%
Magic:  5/5        EV: 13    Int:  7    God:    Trog [**....]
Gold:   105        SH:  0    Dex: 11    Spells: 4/4 levels left

rFire    . . .     SeeInvis .   a - +0 mace
rCold    . . .     Gourm    .   (no shield)
rNeg     . . .     Faith    .   (armour unavailable)
rPois    .         Spirit   .   (helmet restricted)
rElec    .         Reflect  .   (no cloak)
rCorr    .         Harm     .   (no gloves)
MR       .....                  (no boots)
Stlth    +.........             (no amulet)
HPRegen  0.15/turn              (no ring)
MPRegen  0.09/turn              (no ring)

@: slowed, very slow
A: unfitting armour, cold-blooded, AC +5
a: Berserk, Trog's Hand, Renounce Religion


You were on level 2 of the Dungeon.
You worshipped Trog.
Trog was pleased with you.
You were hungry.

You visited 1 branch of the dungeon, and saw 2 of its levels.

You collected 105 gold pieces.

Inventory:

Hand Weapons
 a - a +0 mace (weapon)
Scrolls
 c - 2 scrolls of remove curse {unknown}
 g - a scroll of enchant armour {unknown}
 h - a scroll of teleportation {unknown}
 i - a scroll of fog {unknown}
 j - a scroll of noise {unknown}
 m - a scroll of identify {unknown}
 o - a scroll of random uselessness {unknown}
 p - a scroll of blinking {unknown}
Potions
 d - a potion of brilliance {unknown}
 e - 2 potions of flight {unknown}
 f - 2 potions of resistance
 k - a potion of ambrosia {unknown}
 l - a potion of agility {unknown}
 n - 2 potions of heal wounds {unknown}
Comestibles
 b - 2 rations


   Skills:
 + Level 4.6 Fighting
 + Level 4.2 Maces & Flails
 + Level 2.3 Throwing
 + Level 3.8 Dodging


You had 4 spell levels left.
You didn't know any spells.
Your spell library was empty.

Dungeon Overview and Level Annotations

Branches:
Dungeon (2/15)

Altars:

Annotations:
D:2 Natasha


Innate Abilities, Weirdness & Mutations

Your plain brown scales are hard. (AC +5)
You cannot fit into any form of body armour.
You are cold-blooded and may be slowed by cold attacks.


Message History

The gnoll closely misses you. x2
Natasha, Servant of Life and Death comes into view.
Natasha casts a spell at you.
You feel yourself slow down. The gnoll hits you.
* * * LOW HITPOINT WARNING * * *
The gnoll hits you from afar with a +2 spear of freezing.
* * * LOW HITPOINT WARNING * * *
The gnoll freezes you.
* * * LOW HITPOINT WARNING * * *
The gnoll misses you.
The gnoll hits you from afar with a +2 spear of freezing.
* * * LOW HITPOINT WARNING * * *
You feel as though you will be slow longer.
The gnoll freezes you.
* * * LOW HITPOINT WARNING * * *
The gnoll barely misses you. The gnoll closely misses you.
Natasha barely misses you. Natasha claws you!
You die...

#######........#.#g#
#...#.##.#.#g#
#...#.##.#.#.#
###......#.#.#
##...#.#...###
#...#.gg#...#
##....#.#.#.#
#....#h#.#.#
##...#@#.# #
#...#.#.# #...#.#.#
#..>#.#.# #...#.#.#
#.#.# #.#.# #.#


You could see Natasha and 2 gnolls.

Vanquished Creatures
  Sigmund (D:2)
  Natasha (twice) (D:2)
  An adder (D:2)
  3 oozes (D:1)
  4 dart slugs (D:1)
  4 giant cockroaches
  4 goblins
  A hobgoblin (D:1)
  4 bats (D:1)
  3 frilled lizards (D:1)
  4 kobolds (D:1)
  5 rats (D:1)
36 creatures vanquished.

Notes
Turn   | Place    | Note
-------+----------+-------------------------------------------
     0 | D:1      | goulibeur the Draconian Berserker began the quest for the
                  | Orb.
     0 | D:1      | Reached XP level 1. HP: 19/19 MP: 1/1
    66 | D:1      | Reached XP level 2. HP: 26/26 MP: 2/2
   441 | D:1      | Reached skill level 1 in Throwing
   450 | D:1      | Reached XP level 3. HP: 27/33 MP: 3/3
   453 | D:1      | Reached ** piety under Trog
   910 | D:2      | Noticed Sigmund
   914 | D:2      | Noticed Natasha
   918 | D:2      | Killed Sigmund
   918 | D:2      | Reached XP level 4. HP: 36/41 MP: 4/4
   918 | D:2      | Reached XP level 5. HP: 42/47 MP: 5/5
   924 | D:2      | Killed Natasha
  1299 | D:2      | Noticed Natasha
  1314 | D:2      | Killed Natasha
  1533 | D:2      | Noticed Natasha
  1538 | D:2      | Slain by Natasha

Skill      XL: |  1  2  3 |
---------------+----------+-----
Dodging        | 3 |  3.8
Throwing       | 1 2 |  2.3
Fighting       | 4 |  4.6
Maces & Flails | 4 |  4.2

Action                   |  1- 3 |  4- 6 || total
-------------------------+-------+-------++-------
Melee: Mace              |    81 |    21 ||   102
       Tailslap          |    11 |     1 ||    12
Invok: Berserk           |     1 |       ||     1
  Eat: Chunk             |       |     2 ||     2
Armor: Skin              |    19 |     4 ||    23
Dodge: Dodged            |    48 |    20 ||    68
